 Dungeon Crawl Stone Soup version 0.14-a0-181-gf6fe0c6 (webtiles) character file.

3303 slix the Thaumaturge (level 9, -7/40 HPs)
             Began as a Deep Elf Conjurer on Oct 6, 2013.
             Was a Priest of Fedhas.
             Killed themself with a badly aimed blast of energy (25 damage)
             ... on Level 7 of the Dungeon.
             The game lasted 01:11:57 (7696 turns).

slix the Thaumaturge (Deep Elf Conjurer)            Turns: 7696, Time: 01:11:57

HP  -7/40        AC  8     Str  5      XL: 9   Next: 63%
MP  22/38        EV 15     Int 23 (24) God: Fedhas [***...]
Gold 135         SH  0     Dex 15      Spells:  8 memorised,  6 levels left

Res.Fire  : . . .   See Invis. : .   w - +3 blowgun
Res.Cold  : . . .   Warding    : .   B - +2 robe {MR+}
Life Prot.: . . .   Conserve   : .   (no shield)
Res.Poison: .       Res.Corr.  : .   (no helmet)
Res.Elec. : .       Clarity    : .   M - +0 cloak
Sust.Abil.: . .     Spirit.Shd : .   H - +0 pair of elf gloves
Res.Mut.  : .       Stasis     : .   J - +1 pair of boots {Fly}
Res.Rott. : .       Flight     : .   F - amulet of faith
Saprovore : . . .                    m - ring of wizardry
                                     f - ring of magical power

@: quite resistant to hostile enchantments, stealthy
A: herbivore 1, -10% hp, screaming 1
a: Evolution, Sunlight, Growth, Renounce Religion, Evoke Flight


You were on level 7 of the Dungeon.
You worshipped Fedhas.
Fedhas was most pleased with you.
You were very hungry.

You visited 1 branch of the dungeon, and saw 7 of its levels.

You collected 259 gold pieces.
You spent 144 gold pieces at shops.

Inventory:

Hand weapons
 h - a +0,+1 orcish dagger of flaming
 q - a +0,+2 flail of crushing
 u - a +1,+2 orcish dagger of venom
 w - a +3 blowgun (weapon)
Missiles
 r - 2 tomahawks
 v - 16 exploding darts
 y - 38 poisoned needles (quivered)
 C - 19 silver bolts
 I - 2 darts of flame
Armour
 k - a +0 pair of gloves
 B - a +2 robe of magic resistance (worn)
 H - a +0 pair of elven gloves (worn)
 J - a +1 pair of boots of flying (worn)
 M - a +0 cloak (worn)
Magical devices
 l - a wand of frost (8)
Comestibles
 b - 5 bread rations
 o - a choko
 s - 2 meat rations
Scrolls
 d - 5 scrolls of teleportation
 e - 3 scrolls of remove curse
 j - 7 scrolls of identify
 t - a scroll of recharging {unknown}
 N - 2 scrolls of fog
Jewellery
 f - a ring of magical power (left hand)
 g - an uncursed ring of protection from cold {unknown}
 m - a ring of wizardry (right hand)
 F - an amulet of faith (around neck)
Potions
 a - a potion of heal wounds
 i - a potion of restore abilities
 n - 2 potions of curing
 p - a potion of agility
Books
 c - a book of Conjurations

   Spells                             Type                      Level
   *Magic Dart                        Conjuration                  1
   *Searing Ray                       Conjuration                  2
   *Dazzling Spray                    Conjuration/Hexes            3
   *Iskenderun's Mystic Blast         Conjuration                  4
   *Iskenderun's Battlesphere         Conjuration/Charms           4
   *Fulminant Prism                   Conjuration/Hexes            5
 Q - a book of Battle

   Spells                             Type                      Level
   Infusion                           Charms                       1
   *Shroud of Golubria                Charms/Translocation         2
   Song of Slaying                    Charms                       2
   Spectral Weapon                    Hexes/Charms                 3
   *Regeneration                      Charms/Necromancy            3
   Song of Shielding                  Charms                       4


   Skills:
 + Level 0.1 Fighting
 + Level 1.0 Throwing
 + Level 5.3 Dodging
 + Level 3.4 Stealth
 + Level 11.3 Spellcasting
 + Level 10.0 Conjurations
 + Level 3.4 Hexes
 + Level 4.0 Charms


You had 6 spell levels left.
You knew the following spells:

 Your Spells              Type           Power        Failure   Level  Hunger
a - Magic Dart            Conj           ####         1%          1    None
b - Searing Ray           Conj           ######       1%          2    None
c - Dazzling Spray        Conj/Hex       #####...     1%          3    None
d - Iskenderun's Mystic   Conj           ######..     1%          4    None
e - Fulminant Prism       Conj/Hex       #####.....   3%          5    ###....
f - Iskenderun's Battles  Conj/Chrm      #####...     1%          4    None
g - Shroud of Golubria    Chrm/Tloc      ###.......   1%          2    None
h - Regeneration          Chrm/Necr      ###.......   3%          3    None


Dungeon Overview and Level Annotations

Branches:
Dungeon (7/27)                Orc (0/4) D:7
 Temple: D:4-7

Altars:
Cheibriados
Fedhas
Okawaru
Vehumet
Zin

Shops:
D:4 *   D:5 [


Innate Abilities, Weirdness & Mutations

You digest meat inefficiently.
You are frail (-10% HP).
You occasionally shout uncontrollably.


Message History

The bat hits you but does no damage. The orc misses you.
The orc warrior closely misses you.
Your fulminant prism crackles loudly.
The searing ray hits the bat.
You kill the bat!
Your battlesphere fires!
The barrage of energy hits the orc warrior.
The orc warrior is lightly wounded.
The orc closely misses you.
The orc warrior hits you from afar with an orcish halberd!
Ouch! That really hurt!
Your fulminant prism explodes!
The blast of energy engulfs the orc warrior.
The orc warrior is moderately wounded.
The blast of energy engulfs the orc.
You kill the orc!
The blast of energy engulfs you!
Ouch! That really hurt!
You die...
Fedhas appreciates your contribution to the ecosystem.

###### ......#
.......# .......$#
..(.....# .....o..#
#......))#
#.......@############
#.......*.....(.....#
........##########.###
###.#####
#...>......### #
#.............
######..........###
##........##.#.###
.....?....##.#.#
#........##.#.#


You could see an orc warrior.

Vanquished Creatures
  The ghost of Deemzul the Martial Artist, an experienced OpMo of Okawaru (D:7)
  The ghost of Dewdirk the Slicer, an experienced HaSk (D:6)
  Menkaure (D:4)
  A necrophage (D:6)
  2 orc warriors (D:6)
  A sky beast (D:5)
  2 phantoms (D:4)
  2 centaurs
  3 ogres
  2 giant frogs (D:6)
  A wyvern skeleton (D:6)
  A jelly (D:6)
  2 crimson imps
  An iguana (D:6)
  4 hounds (D:5)
  A giant frog skeleton (D:7)
  A gnoll shaman (D:4)
  11 orc wizards
  8 worker ants
  An ogre skeleton (D:6)
  A hound zombie (D:7)
  A worker ant zombie (D:5)
  11 adders
  16 gnolls
  A giant mite (D:5)
  A worm (D:4)
  An iguana zombie (D:5)
  2 giant eyeballs (D:5)
  3 giant geckos
  24 orcs
  11 bats
  A giant cockroach (D:3)
  18 hobgoblins
  15 jackals
  5 quokkas
  4 ball pythons
  7 giant newts
  15 goblins
  2 hobgoblin skeletons
  14 kobolds
  2 orc skeletons
  13 rats
215 creatures vanquished.

Vanquished Creatures (others)
  A worker ant (D:6)
  5 fulminant prisms
  A giant spore (D:6)
  61 toadstools
68 creatures vanquished.

Grand Total: 283 creatures vanquished

Notes
Turn   | Place    | Note
--------------------------------------------------------------
     0 | D:1      | slix, the Deep Elf Conjurer, began the quest for the Orb.
     0 | D:1      | Reached XP level 1. HP: 10/10 MP: 4/4
   396 | D:1      | Reached XP level 2. HP: 12/15 MP: 3/6
   400 | D:1      | Learned a level 2 spell: Searing Ray
   473 | D:1      | Reached skill level 5 in Conjurations
  1250 | D:1      | Reached XP level 3. HP: 19/19 MP: 7/9
  1514 | D:2      | Learned a level 3 spell: Dazzling Spray
  1757 | D:2      | Found a snail-covered altar of Cheibriados.
  1759 | D:2      | Found a glowing silver altar of Zin.
  1866 | D:2      | Reached XP level 4. HP: 12/24 MP: 2/12
  2196 | D:2      | Found a blossoming altar of Fedhas.
  2207 | D:2      | Became a worshipper of Fedhas Madash
  2868 | D:3      | Noticed an ogre
  2874 | D:3      | Killed an ogre
  2874 | D:3      | Reached skill level 6 in Conjurations
  2874 | D:3      | Reached XP level 5. HP: 28/28 MP: 7/16
  3048 | D:3      | Acquired Fedhas' first power
  3372 | D:3      | Reached XP level 6. HP: 32/32 MP: 14/19
  3739 | D:4      | Learned a level 4 spell: Iskenderun's Mystic Blast
  3761 | D:4      | Reached skill level 5 in Spellcasting
  3887 | D:4      | Reached skill level 7 in Conjurations
  4097 | D:4      | Reached skill level 1 in Hexes
  4097 | D:4      | Reached XP level 7. HP: 12/36 MP: 7/22
  4426 | D:4      | Learned a level 5 spell: Fulminant Prism
  4581 | D:4      | Found Houlet's Assorted Antiques.
  4613 | D:4      | Bought a pair of embroidered boots for 42 gold pieces
  4613 | D:4      | Bought a scroll labeled BLYALUNITS for 28 gold pieces
  4613 | D:4      | Bought a scroll labeled GHOER RONGOSMIBBOY for 28 gold pieces
  4613 | D:4      | Bought a scroll labeled IDOAKHL ELOKONUOW for 28 gold pieces
  4627 | D:4      | Learned a level 4 spell: Iskenderun's Battlesphere
  4800 | D:4      | Found a radiant altar of Vehumet.
  4913 | D:4      | Noticed Menkaure
  4919 | D:4      | Killed Menkaure
  5110 | D:5      | Entered Level 5 of the Dungeon
  5307 | D:5      | Reached skill level 8 in Conjurations
  5307 | D:5      | Reached XP level 8. HP: 31/41 MP: 7/25
  5487 | D:5      | Paralysed by a giant eyeball for 3 turns
  5583 | D:5      | Reached skill level 1 in Throwing
  5587 | D:5      | Acquired Fedhas' second power
  5611 | D:5      | Paralysed by a giant eyeball for 3 turns
  5681 | D:5      | Reached skill level 1 in Charms
  6333 | D:5      | Found Kleafis' Armour Shoppe.
  6372 | D:5      | Bought a +0 cloak for 18 gold pieces
  6529 | D:6      | Learned a level 2 spell: Shroud of Golubria
  6625 | D:6      | Noticed Dewdirk's ghost (experienced HaSk)
  6626 | D:6      | Reached skill level 9 in Spellcasting
  6630 | D:6      | Killed Dewdirk's ghost
  6638 | D:6      | Reached XP level 9. HP: 45/45 MP: 4/28
  6671 | D:6      | Reached skill level 5 in Dodging
  6877 | D:6      | Reached skill level 10 in Spellcasting
  6895 | D:6      | Acquired Fedhas' third power
  7114 | D:6      | Gained mutation: You digest meat inefficiently. [potion of mutation]
  7114 | D:6      | Gained mutation: You are frail (-10% HP). [potion of mutation]
  7114 | D:6      | Gained mutation: You occasionally shout uncontrollably. [potion of mutation]
  7121 | D:6      | Paralysed by a potion of paralysis for 5 turns
  7288 | D:6      | Learned a level 3 spell: Regeneration
  7376 | D:6      | Found a blossoming altar of Fedhas.
  7504 | D:7      | Found an iron altar of Okawaru.
  7522 | D:7      | Noticed Deemzul's ghost (experienced OpMo)
  7532 | D:7      | Killed Deemzul's ghost
  7532 | D:7      | Reached skill level 11 in Spellcasting
  7532 | D:7      | Reached skill level 10 in Conjurations
  7585 | D:7      | Found a staircase to the Orcish Mines.
  7696 | D:7      | Killed themself with a badly aimed blast of energy

Action                   |  1- 3 |  4- 6 |  7- 9 || total
-------------------------+-------+-------+-------++-------
Melee: Unarmed           |     3 |       |       ||     3
       Dagger            |    87 |       |     1 ||    88
       Flail             |       |     1 |       ||     1
 Fire: Blowgun           |       |       |     1 ||     1
Throw: Dart              |       |     1 |     1 ||     2
 Cast: Magic Dart        |    64 |    94 |   168 ||   326
       Searing Ray       |     6 |    25 |    29 ||    60
       Dazzling Spray    |       |     4 |    11 ||    15
       Iskenderun's Batt |       |       |    26 ||    26
       Fulminant Prism   |       |       |     6 ||     6
       Iskenderun's Myst |       |       |     1 ||     1
  Use: Scroll            |       |       |    15 ||    15
       Potion            |       |       |    13 ||    13
